[Event "Early-Titled-Tuesday-Blitz-November-28-2023"]
[Site "Chess.com"]
[Date "2023.11.28"]
[Round "5"]
[White "JuniorJumper"]
[Black "Gabrielian_Artur"]
[Result "1-0"]
[WhiteElo "2566"]
[BlackElo "2698"]
[TimeControl "180+1"]
[EndTime "8:58:32 PST"]
[Termination "JuniorJumper won by resignation"]

1. b3 Nf6 2. Bb2 g6 3. g3 Bg7 4. Bg2 O-O 5. Nf3 d6 6. O-O e5 7. d3 a5 8. a3 Nc6 9. Nbd2 Re8 10. e4 Rf8 11. d4 Bg4 12. h3 Bxf3 13. Nxf3 Nd7 14.
dxe5 Ndxe5 15. Nxe5 dxe5 16. Qxd8 Rfxd8 17. Rad1 Bf8 18. Rd5 f6 19. Rfd1 Bd6 20. Kf1 Kf8 21. h4 Ke7 22. Bh3 b6 23. Ke2 Nd4+ 24. Bxd4 exd4 25. R5xd4 Bxa3 26. Rd7+ Rxd7 27. Rxd7+ Kf8 28. Rxh7 Rd8 29. Rxc7 Rd4 30.
f3 Bc5 31. c3 Rd6 32. Bg4 Bg1 33. h5 gxh5 34. Bxh5 Bh2 35. Rf7+ Kg8 36. Kf2 Rd2+ 37.
Ke3 Rb2 38. Rxf6 Kg7 39. Rg6+ Kh7 40. Kf4 Rxb3 41. Rc6 a4 42. Bf7 Rb2 43. Bd5 a3 44. Rc7+ Kh6 45. Rc6+ Kg7 46. Rc7+ Kf8 47. Ra7 Rg2 48.
Rxa3 Rxg3 49. Kf5 Rxf3+ 50. Ke6 Kg7 51. Ra7+ Kh6 52. Ra6 Bg1 53. c4 Kg5 54. Kd7 Kf6 55.
e5+ Kxe5 56. Bxf3 Kf4 57. Bd5 Bc5 58. Kc6 1-0

[Event "Early-Titled-Tuesday-Blitz-November-28-2023"]
[Site "Chess.com"]
[Date "2023.11.28"]
[Round "5"]
[White "KorolDimitriy75"]
[Black "PattyCastillo"]
[Result "0-1"]
[WhiteElo "2323"]
[BlackElo "2038"]
[TimeControl "180+1"]
[EndTime "8:58:32 PST"]
[Termination "PattyCastillo won on time"]

1. d4 d5 2. c4 c6 3. Nc3 Nf6 4. e3 e6 5. Nf3 Nbd7 6. Bd3 dxc4 7. Bxc4 b5 8. Be2 Bb7 9. e4 b4 10. e5 bxc3 11. exf6 Nxf6 12. bxc3 Be7 13. Rb1 Rb8 14. Qa4 Ba8 15. Rb3 Rxb3 16. axb3 Qb6 17. O-O O-O 18. b4 Nd5 19. Bd2 Qb7 20. Ra1 Bd6 21.
Qxa7 Nf4 22. Bf1 h6 23. Qxb7 Bxb7 24. Ra7 Ba8 25. g3 Nd5 26. Bg2 Bb8 27. Ra6 Bc7 28. Ra7 Bb6 29. Ra2 Rc8 30. Ne5 Bc7 31. Nd7 f6 32. h4 Kf7 33. Nc5 Bd6 34. Bh3 f5 35. Ra6 Bxc5 36. dxc5 Nf6 37. Bg2 Bb7 38. Ra7 Rc7 39.
Bf4 Rd7 40. Bd6 Nd5 41. Be5 g5 42. hxg5 hxg5 43. Bf3 Ke8 0-1

[Event "Early-Titled-Tuesday-Blitz-November-28-2023"]
[Site "Chess.com"]
[Date "2023.11.28"]
[Round "5"]
[White "Barmen_EV"]
[Black "tacticthunder"]
[Result "0-1"]
[WhiteElo "2509"]
[BlackElo "2793"]
[TimeControl "180+1"]
[EndTime "8:58:33 PST"]
[Termination "tacticthunder won by checkmate"]

1. e4 c5 2. c3 Nf6 3. e5 Nd5 4. d4 cxd4 5. Nf3 Nc6 6. cxd4 Nb6 7. d5 Nb8 8. Nc3 d6 9. e6 fxe6 10. dxe6 Bxe6 11. Bd3 g6 12. Ng5 Qd7 13. O-O Bf5 14.
Re1 Nc6 15. Bxf5 Qxf5 16. Ne6 Rc8 17. a4 Ne5 18. Nd4 Qd3 19. Qb3 Qxd4 20. a5 Qc4 21.
Qd1 Nbd7 22. f4 Nd3 23. Re4 Qc5+ 24. Be3 Nxb2 25. Qe2 Qxc3 26. Bd4 Qd3 27. Bxh8 Qxe2 28. Rxe2 Nd3 29. g3 Kf7 30. Bd4 N3c5 31. Rd1 e6 32. g4 d5 33. Bf2 Nf6 34. f5 exf5 35.
gxf5 gxf5 36. Rc2 Nfe4 37. Rxd5 Ke6 38. Rd1 Nxf2 39. Rxf2 Ne4 40. Re2 Bc5+ 41. Kg2 Bd6 42. Rb2 Rc7 43. a6 b6 44. Rdb1 Ke5 45. Rd1 Rg7+ 46.
Kf1 Bc5 47. Rg2 Rg4 48. Rxg4 fxg4 49. Rd7 b5 50. Rxh7 b4 51. Rh5+ Kd4 52. Ke2 b3 53.
Rh8 b2 54. Rb8 b1=Q 55. Rxb1 Nc3+ 56. Kf2 Nxb1 57. Kg3 Ke5 58. Kxg4 Kf6 59. Kf4 Kg7 60. Ke4 Bb6 61. Kd5 Na3 62. Kc6 Nc4 63. Kb7 Na5+ 64. Kb8 Kh6 65. Ka8 Kh5 66. Kb8 Kh4 67. h3 Kxh3 68. Kc8 Kh2 69. Kd7 Kg3 70. Kc8 Kf4 71. Kb8 Ke5 72. Ka8 Kd5 73. Kb8 Kc4 74. Kc8 Kb5 75. Kd7 Kxa6 76. Kc8 Kb5 77. Kd7 Bc5 78.
Kc8 a6 79. Kd7 Nc4 80. Kc8 a5 81. Kd7 a4 82. Kc8 a3 83. Kd7 a2 84. Kc8 a1=Q 85.
Kd7 Qa7+ 86. Kc8 Ne5 87. Kd8 Qd7# 0-1

[Event "Early-Titled-Tuesday-Blitz-November-28-2023"]
[Site "Chess.com"]
[Date "2023.11.28"]
[Round "5"]
[White "Boundless_Strike"]
[Black "margarita_2703"]
[Result "0-1"]
[WhiteElo "2659"]
[BlackElo "2347"]
[TimeControl "180+1"]
[EndTime "8:58:34 PST"]
[Termination "margarita_2703 won on time"]

1. d4 d5 2. e4 dxe4 3. Nc3 Nf6 4. f3 exf3 5. Nxf3 e6 6. Bg5 Be7 7. Bd3 h6 8. Bf4 a6 9. Qd2 Nc6 10. a3 Nd5 11. Nxd5 exd5 12. O-O Be6 13. b4 Bf6 14. c3 Qd7 15. b5 axb5 16. Rae1 Ne7 17. Ne5 Bxe5 18.
Bxe5 O-O 19. Rf6 Ng6 20. Rxe6 Qxe6 21. Bxg7 Qxe1+ 22. Qxe1 Kxg7 23. h4 Rae8 24. Qg3 h5 25. Qg5 c6 26. Qxh5 Re3 27. Bxg6 fxg6 28. Qg5 Re6 29. Qg3 Rfe8 30. Kh2 R8e7 31. Qg5 Kh7 32. Qg4 Kg7 33. Qd1 Re2 34. Qd3 Rf2 35. Kh3 Ree2 36. g3 Rh2+ 37. Kg4 Rhf2 38. Qb1 Re4+ 39. Kh3 Rf3 40. Qb4 Ree3 41. Kg2 Rxg3+ 42. Kf2 Ref3+ 43. Ke2 Rxc3 44. Qe7+ Kh6 45. Qf8+ Kh5 46. Qh8+ Kg4 47. Qf6 Kh3 48. Kd2 Rcf3 49. Qe7 Rg2+ 50. Ke1 Rff2 51. Qxb7 Rb2 52. Qd7+ Kh2 53. Qd6+ Kh1 0-1

[Event "Early-Titled-Tuesday-Blitz-November-28-2023"]
[Site "Chess.com"]
[Date "2023.11.28"]
[Round "5"]
[White "hakanazeri2"]
[Black "ilushka"]
[Result "0-1"]
[WhiteElo "2553"]
[BlackElo "2411"]
[TimeControl "180+1"]
[EndTime "8:58:34 PST"]
[Termination "ilushka won by resignation"]

1. Nf3 d5 2. d4 g6 3. c4 c6 4. g3 Bg7 5. Bg2 dxc4 6. a4 Nf6 7. Na3 Be6 8. Ng5 Bd5 9. e4 h6 10. exd5 hxg5 11. dxc6 Nxc6 12. Bxc6+ bxc6 13. O-O Qd5 14. Qe2 O-O-O 15. Qxc4 Qxc4 16. Nxc4 Rxd4 17. Ne5 Ne4 18. Nxf7 Rh5 19. g4 Rh4 20. f3 Nd2 21. Rf2 Nb3 22.
Bxg5 Rhxg4+ 23. fxg4 Rxg4+ 24. Rg2 Bd4+ 25. Kh1 Rxg2 26.
Kxg2 Nxa1 27. b4 Nc2 28. Bxe7 Kd7 29. Bc5 Bxc5 30. bxc5 Ke6 31. Nd6 Kd5 32. Nb7 Nd4 33. Kg3 Ne6 34. Kg4 Nxc5 35. Nxc5 Kxc5 36. Kg5 Kb4 37. Kxg6 c5 38. h4 c4 39. h5 c3 40.
h6 c2 41. h7 c1=Q 42. h8=Q Qc2+ 43. Kf7 Qc4+ 44. Ke7 Qc7+ 45. Ke6 Qc6+ 46. Ke7 Qc5+ 47. Kd7 Kxa4 48. Qa1+ Kb5 49. Qf1+ Ka5 50. Qe1+ Kb6 51. Qe6+ Kb7 52. Qa2 Qd4+ 53. Ke6 Kb6 54. Qb3+ Kc7 55. Qc2+ Kb6 56. Qb3+ Kc6 57. Qf3+ Kc5 58. Qa3+ Kb5 59.
Qb3+ Ka6 60. Qa2+ Kb7 61. Qg2+ Kb8 62. Qg8+ Kc7 63. Qh7+ Kb6 64. Qb1+ Kc6 65. Qc2+ Kb7 66. Qb3+ Qb6+ 67. Qxb6+ Kxb6 68. Kd5 Kb5 69. Kd4 Kb4 70. Kd3 Kb3 0-1

[Event "Early-Titled-Tuesday-Blitz-November-28-2023"]
[Site "Chess.com"]
[Date "2023.11.28"]
[Round "5"]
[White "RoelandPruijssers"]
[Black "cthulhuuu"]
[Result "0-1"]
[WhiteElo "2685"]
[BlackElo "2480"]
[TimeControl "180+1"]
[EndTime "8:58:34 PST"]
[Termination "cthulhuuu won on time"]

1. e4 d6 2. d4 Nf6 3. Nc3 c6 4. f4 Qb6 5. h3 e5 6. Nf3 exd4 7. Qxd4 Be7 8. Bd3 O-O 9. O-O c5 10. Qf2 Nc6 11. e5 Ne8 12. Nd5 Qd8 13. Nxe7+ Qxe7 14. Ng5 h6 15. Nh7 c4 16. Be4 d5 17. Bxd5 Kxh7 18.
Be3 Rg8 19. Bxc4 Be6 20. Bd3+ Kh8 21. Be4 Nc7 22. Rae1 Bd5 23. Bc5 Qe6 24. Bd3 Qe8 25. f5 Nxe5 26. f6 Nxd3 27. fxg7+ Rxg7 28. Rxe8+ Rxe8 29. cxd3 Ne6 30. Bb4 Rxg2+ 31. Qxg2 Bxg2 32. Kxg2 Rg8+ 33. Kf2 Rc8 34. Bc3+ Kh7 35. Rg1 Ng5 36. Ke3 f6 37. Rf1 Re8+ 38. Kd2 Kg6 39. Rxf6+ Kh5 40. Rd6 Nf3+ 41.
Kd1 Ng1 42. Bg7 Nxh3 43. Rxh6+ Kg4 44. Bc3 Nf2+ 45. Kc2 Re2+ 0-1

[Event "Early-Titled-Tuesday-Blitz-November-28-2023"]
[Site "Chess.com"]
[Date "2023.11.28"]
[Round "5"]
[White "marvinguevara"]
[Black "Suspenser17"]
[Result "1-0"]
[WhiteElo "2163"]
[BlackElo "2349"]
[TimeControl "180+1"]
[EndTime "8:58:36 PST"]
[Termination "marvinguevara won on time"]

1. e4 e5 2. Nf3 Nc6 3. Bc4 Nf6 4. Ng5 d5 5. exd5 Na5 6. Bb5+ c6 7. dxc6 bxc6 8. Bd3 Nd5 9. Ne4 f5 10. Nec3 Bd6 11.
Nxd5 cxd5 12. Nc3 Bb7 13. Bb5+ Nc6 14. Nxd5 O-O 15. Nc3 Nd4 16. Bc4+ Kh8 17. Bd5 Ba6 18. d3 Rb8 19. O-O Qh4 20. g3 Qf6 21. Bg2 Rfd8 22. Be3 Rxb2 23. Bxd4 exd4 24. Nd5 Qf7 25. Qc1 Ba3 26. Re1 h6 27. Re7 Bxe7 28. Qxb2 Rxd5 29. Bxd5 Qxd5 30. Rb1 Kh7 31. Qb3 Qf3 32. h4 f4 33. Qe6 fxg3 34. Qe4+ Qxe4 35. dxe4 gxf2+ 36. Kxf2 Bxh4+ 37. Kf3 Bf6 38. Kf4 Bc8 39. e5 Be7 40. Ke4 Bc5 41. Kd5 Bb6 42. e6 Kg8 43. Rf1 Bd8 44. Kd6 Bf6 45. Rb1 Ba6 46. Rb8+ Kh7 47. Rf8 1-0

[Event "Early-Titled-Tuesday-Blitz-November-28-2023"]
[Site "Chess.com"]
[Date "2023.11.28"]
[Round "5"]
[White "LiemLe"]
[Black "Kildepiotr"]
[Result "1-0"]
[WhiteElo "3128"]
[BlackElo "2716"]
[TimeControl "180+1"]
[EndTime "8:58:38 PST"]
[Termination "LiemLe won by resignation"]

1. Nf3 g6 2. d4 Bg7 3. c4 d6 4.
Nc3 Nd7 5. e4 e5 6. Be2 Ngf6 7.
O-O O-O 8. Re1 c6 9. Bf1 exd4 10.
Nxd4 Nc5 11. b4 Ne6 12. Bb2 Ng4 13. Nf3 a5 14. b5 Nc5 15. Na4 Bxb2 16. Nxb2 Re8 17.
Qd4 Qf6 18. Rad1 Ne5 19. Nxe5 Qxe5 20. bxc6 bxc6 21. Qxd6 Qxb2 22. Qxc5 Be6 23. Re2 Qb4 24. Qxc6 Rec8 25. Qd6 Qxd6 26. Rxd6 Bxc4 27. Red2 Bxf1 28.
Kxf1 Rc4 29. f3 Kg7 30. Ke2 Rac8 31. R6d4 Rxd4 32. Rxd4 Rc2+ 33. Rd2 Rc3 34. Kd1 Kf6 35. Rc2 Rd3+ 36. Kc1 a4 37. Rc4 Ra3 38. Rc2 Ke5 39.
Kd2 Kd4 40. Rb2 Kc4 41. h4 h5 42. Ke2 Rc3 43. g3 f5 44. e5 Kd5 45. Rb5+ Ke6 46. Ra5 Ra3 47. Kf2 Rxa2+ 48. Ke3 Ra3+ 49. Kf4 Rb3 50. Rxa4 Rc3 51. Ra6+ Kf7 52. Rf6+ Kg7 53. Kg5 Rxf3 54. Rxg6+ Kf7 55. Kxh5 f4 56. Rf6+ Ke7 57. gxf4 1-0

[Event "Early-Titled-Tuesday-Blitz-November-28-2023"]
[Site "Chess.com"]
[Date "2023.11.28"]
[Round "5"]
[White "SaqoChess_Twitch"]
[Black "Grandelicious"]
[Result "0-1"]
[WhiteElo "2640"]
[BlackElo "2909"]
[TimeControl "180+1"]
[EndTime "8:58:41 PST"]
[Termination "Grandelicious won on time"]

1. d4 Nf6 2. c4 g6 3. Nc3 Bg7 4. Nf3 d6 5. Bg5 c5 6. d5 h6 7. Bh4 g5 8. Bg3 Nh5 9. Qc2 Qa5 10. Rc1 f5 11. e3 Bxc3+ 12. Qxc3 Qxc3+ 13. Rxc3 Nd7 14. Be2 Ndf6 15. Nd2 Bd7 16. f3 Nxg3 17. hxg3 a6 18. f4 Kf7 19. Kf2 b5 20. b3 b4 21. Rcc1 a5 22.
a4 bxa3 23. Ra1 a4 24. Rxa3 axb3 25. Rxb3 Ra2 26. Ke1 Kg7 27. fxg5 hxg5 28. Rxh8 Kxh8 29. Rb7 Kg7 30. Bd3 Kf8 31. e4 Ra3 32. Ke2 fxe4 33. Nxe4 Bf5 34. Rb8+ Kg7 35. Rb7 Rxd3 36. Kxd3 Bxe4+ 37. Ke3 Kf7 38. Ra7 Bxg2 39. Ra4 Bf1 40. Kd2 Ne4+ 41. Ke1 Bd3 42. g4 Nf6 43. Kd2 Bf1 44.
Ke3 Nxg4+ 45. Kf3 Ne5+ 46. Ke4 Bxc4 47. Ra8 Bd3+ 48. Ke3 Bf5 49. Ra7 Kf6 50. Ra8 Nc4+ 51. Kf3 Nb6 52. Rf8+ Ke5 53. Rf7 Nxd5 54. Rf8 g4+ 55. Kg3 c4 56. Kf2 c3 57. Ke2 Nf4+ 58.
Ke3 d5 59. Kf2 c2 60. Re8 c1=Q 61. Rxe7+ Be6 0-1

[Event "Early-Titled-Tuesday-Blitz-November-28-2023"]
[Site "Chess.com"]
[Date "2023.11.28"]
[Round "5"]
[White "Mistango"]
[Black "Goryachkina"]
[Result "0-1"]
[WhiteElo "2469"]
[BlackElo "2622"]
[TimeControl "180+1"]
[EndTime "8:58:41 PST"]
[Termination "Goryachkina won on time"]

1. e4 c5 2. Nf3 e6 3. d4 cxd4 4. Nxd4 Nc6 5. Nc3 Bc5 6. Be3 Qb6 7. Na4 Qa5+ 8. c3 Bxd4 9. Bxd4 Nxd4 10. Qxd4 e5 11.
Qb4 Qxb4 12. cxb4 Nf6 13. Nc3 d6 14. Bc4 Be6 15. Bxe6 fxe6 16. Rd1 Ke7 17. Ke2 Rac8 18. Rd2 Rc4 19. f3 Rxb4 20. Rhd1 Rd8 21. b3 Rc8 22. Na4 Rc6 23. Nb2 Rbb6 24. Nc4 Ra6 25. a4 Nd7 26.
Rb2 Nc5 27. Ne3 Rab6 28. Rdb1 a5 29. Nc4 Ra6 30. g3 Rc7 31. Na3 d5 32. Nb5 Rd7 33. Rc2 b6 34. exd5 exd5 35. f4 exf4 36. gxf4 Ra8 37. Nd4 Re8 38. Kf3 Kf8 39. b4 axb4 40.
Rxb4 Nd3 41. Rxb6 Ne1+ 42. Kf2 Nxc2 43. Nxc2 Rc7 44. Nd4 Rc4 45. Ne6+ Rxe6 46. Rxe6 Rxf4+ 47. Ke3 Rxa4 48. Rd6 Re4+ 49. Kf3 Re5 50. Kf4 Rh5 51. Kg3 Ke7 52. Ra6 g6 53. Rb6 d4 0-1

[Event "Early-Titled-Tuesday-Blitz-November-28-2023"]
[Site "Chess.com"]
[Date "2023.11.28"]
[Round "5"]
[White "Artem_Sadovsky"]
[Black "djokovic74"]
[Result "1-0"]
[WhiteElo "2519"]
[BlackElo "2675"]
[TimeControl "180+1"]
[EndTime "8:58:42 PST"]
[Termination "Artem_Sadovsky won by resignation"]

1. Nf3 Nf6 2. e3 e6 3. b3 d5 4. Bb2 Be7 5. c4 O-O 6. Be2 c5 7. cxd5 Nxd5 8. O-O Nc6 9. Nc3 Bf6 10. Qb1 b6 11. Nxd5 exd5 12. Rc1 Bb7 13. d4 cxd4 14.
Nxd4 Nxd4 15. Bxd4 Bxd4 16. exd4 Re8 17. Bf3 Qd6 18. Qf5 g6 19. Qg5 Kg7 20. h4 h6 21.
Qd2 Re7 22. Re1 Rae8 23. Rxe7 Rxe7 24. g3 Bc8 25. Re1 Rxe1+ 26. Qxe1 Be6 27. b4 Qc7 28. a3 Kf8 29. Qe3 Kg7 30. Qe5+ Qxe5 31. dxe5 f6 32. exf6+ Kxf6 33. Kf1 Ke5 34. Ke2 d4 35. Kd2 Bf5 36.
Bc6 g5 37. hxg5 hxg5 38. Bb5 Be4 39. Be2 Bd5 40. Kd3 Be4+ 41. Kc4 a6 42. f4+ gxf4 43. gxf4+ Kxf4 44. Kxd4 Bb7 45. Bd3 Kf3 46. a4 Kf2 47. a5 bxa5 48. bxa5 Bc8 49. Bc4 Ke1 50. Kc5 Kd2 51.
Kb6 Kc3 52. Bxa6 Bf5 53. Bf1 Be4 54. a6 Kd4 55. a7 Ke5 56. Ba6 Kd6 57. Bb7 1-0

[Event "Early-Titled-Tuesday-Blitz-November-28-2023"]
[Site "Chess.com"]
[Date "2023.11.28"]
[Round "5"]
[White "parintele_chess"]
[Black "Eloist"]
[Result "1-0"]
[WhiteElo "2193"]
[BlackElo "2356"]
[TimeControl "180+1"]
[EndTime "8:58:42 PST"]
[Termination "parintele_chess won by checkmate"]

1. d4 e6 2. Bf4 Nf6 3. Nf3 d5 4. e3 c5 5. c3 Nc6 6. Nbd2 Bd6 7. Bg3 O-O 8. Bd3 b6 9. e4 Be7 10. e5 Nh5 11. Ng5 Bxg5 12. Qxh5 g6 13. Qe2 cxd4 14. h4 Bxd2+ 15. Qxd2 dxc3 16. bxc3 d4 17. c4 Qe7 18. h5 Qb4 19. hxg6 fxg6 20. Be4 Qxd2+ 21. Kxd2 Bb7 22. Rh4 Rad8 23. Rah1 Rd7 24.
Bxg6 hxg6 25. Rh8+ Kf7 26. R1h7+ Ke8 27. Rxf8+ Kxf8 28. Rxd7 Ba6 29. Rd6 Na5 30. Rxd4 Bxc4 31. Rd7 a6 32. a4 Bb3 33. Ra7 Bxa4 34. Rxa6 Bc6 35. Kc3 Bxg2 36. Rxb6 Nc6 37. f4 Bd5 38. Rb7 Ne7 39.
Rc7 Nf5 40. Bf2 Ke8 41. Kb4 Kd8 42. Rh7 Ke8 43. Kc5 Kf8 44. Kb6 Kg8 45. Rc7 Kf8 46.
Bc5+ Ke8 47. Bd6 Kd8 48. Rh7 Ke8 49. Ka7 Be4 50. Kb8 Nd4 51. Rg7 Ne2 52. Re7+ Kd8 53. Rxe6 Nxf4 54. Rf6 g5 55. e6 Bd5 56. Rf8# 1-0

[Event "Early-Titled-Tuesday-Blitz-November-28-2023"]
[Site "Chess.com"]
[Date "2023.11.28"]
[Round "5"]
[White "CraiggoryC"]
[Black "Nancy11111"]
[Result "1-0"]
[WhiteElo "2184"]
[BlackElo "2305"]
[TimeControl "180+1"]
[EndTime "8:58:42 PST"]
[Termination "CraiggoryC won by resignation"]

1. e4 c5 2. Nf3 d6 3. d4 cxd4 4. Nxd4 Nf6 5. Nc3 a6 6. Be3 e5 7.
Nb3 Be6 8. f3 Nbd7 9. Qd2 Be7 10. g4 b5 11. O-O-O Nc5 12. Kb1 O-O 13. g5 Nfd7 14. Nd5 Bxd5 15. Qxd5 Nb6 16. Qd2 Rc8 17. Rg1 Qc7 18. h4 Nxb3 19. axb3 Rfd8 20. Qf2 Rb8 21. h5 d5 22. g6 dxe4 23. gxf7+ Kxf7 24. fxe4+ Bf6 25. Be2 Rd7 26. h6 Rxd1+ 27. Bxd1 gxh6 28. Bxh6 Nd7 29. Rg7+ Ke6 30. Bg4+ Kd6 31. Rxd7+ Qxd7 32. Bxd7 Be7 33. Qf5 Kc7 34. Qe6 Bd6 35. Bg7 Rd8 36. Be8 Kb7 37. Bxe5 Bc5 38. Qc6+ Ka7 39. Qxc5+ Kb7 40.
Qc6+ Ka7 41. Bd4+ Rxd4 42. Qc5+ Kb7 43. Qxd4 h5 44. e5 b4 45. Bxh5 Kc6 46. e6 a5 47. e7 Kc7 48. e8=Q a4 49. Qe7+ Kc6 50. Qe6+ Kc7 51. Qdd7+ 1-0

[Event "Early-Titled-Tuesday-Blitz-November-28-2023"]
[Site "Chess.com"]
[Date "2023.11.28"]
[Round "5"]
[White "tetrix83"]
[Black "Alexsur1981"]
[Result "1/2-1/2"]
[WhiteElo "2525"]
[BlackElo "2828"]
[TimeControl "180+1"]
[EndTime "8:58:43 PST"]
[Termination "Game drawn by repetition"]

1. Nf3 Nf6 2. g3 b5 3. Bg2 Bb7 4. d4 e6 5. O-O c5 6. Na3 a6 7. c4 b4 8. Nc2 cxd4 9. Ncxd4 Qc7 10. Bf4 d6 11. Bg5 Nbd7 12. b3 Be7 13. Qd2 Ne4 14. Qe3 Nxg5 15. Nxg5 Bxg2 16. Kxg2 Nc5 17. f3 Qb7 18.
Rad1 O-O 19. Ne4 Nxe4 20. Qxe4 Qxe4 21. fxe4 Rfc8 22. h4 Rc5 23. Nc2 Rb8 24. Rd2 h5 25.
Nd4 Bf6 26. Nf3 Rb6 27. Rfd1 Rcc6 28. e5 dxe5 29. e4 a5 30. Rd7 a4 31. Ra7 axb3 32. axb3 Ra6 33. Rdd7 Rxa7 34. Rxa7 Rb6 35. Kf2 Kf8 36.
Ne1 g5 37. hxg5 Bxg5 38. Nd3 Rd6 39. Nxe5 Rd2+ 40. Kf3 f6 41. Nd7+ Ke8 42. Nc5 Rc2 43.
Rb7 Rc3+ 44. Kg2 Be3 45. Nxe6 Rxb3 46. c5 Rc3 47. Rxb4 Ke7 48. Nf4 Bxf4 49. gxf4 Rxc5 50. Rb7+ Ke6 51. Rh7 Ra5 52. Kg3 Ra3+ 53. Kg2 Ra2+ 54. Kf3 Ra3+ 55. Kg2 Ra2+ 56. Kg3 Ra4 57. Kf3 Ra3+ 58.
Kg2 1/2-1/2

[Event "Early-Titled-Tuesday-Blitz-November-28-2023"]
[Site "Chess.com"]
[Date "2023.11.28"]
[Round "5"]
[White "suyu28"]
[Black "JoliyRoger"]
[Result "1-0"]
[WhiteElo "2731"]
[BlackElo "2500"]
[TimeControl "180+1"]
[EndTime "8:58:43 PST"]
[Termination "suyu28 won by resignation"]

1. e4 c6 2. d4 d5 3. e5 Bf5 4. h4 Qb6 5. g4 Bd7 6. h5 e6 7. f4 c5 8. c3 Nc6 9. Nf3 Rc8 10. a3 Nh6 11. Bh3 cxd4 12. cxd4 Nxd4 13. Nxd4 Rxc1 14. Qxc1 Qxd4 15. Nc3 Bc5 16. Qd2 Qc4 17. g5 Ng8 18. Bf1 Qb3 19. Rh3 Qb6 20. b4 Bg1 21. Bd3 Ne7 22. Kf1 Bd4 23. Rc1 a6 24. Ne2 Nc6 25. Bb1 a5 26. Rxc6 Bxc6 27. Nxd4 Bd7 28.
Kg2 Ke7 29. Bc2 Rc8 30. Rc3 Ra8 31. Rc5 axb4 32. Qxb4 Qxb4 33. axb4 Ra2 34. Kf3 Kd8 35. Ke3 Ra3+ 36. Kd2 b6 37. Rc3 Ra2 38. Kc1 Ra7 39. Bxh7 Ra1+ 40. Bb1 Ra8 41. Kb2 Ke7 42. h6 Rh8 43.
Rh3 g6 44. h7 b5 45. Bd3 Kf8 46. Bxb5 Bc8 47. Bd3 Kg7 48. b5 Bb7 49. b6 Rb8 50. h8=Q+ Rxh8 51. Rxh8 Kxh8 52. Nb5 Kg7 53. Nd6 Bc6 54.
b7 Bxb7 55. Nxb7 Kf8 56. Nd6 Ke7 57. Bb5 Kf8 58. Be8 Ke7 59. Bxf7 1-0

[Event "Early-Titled-Tuesday-Blitz-November-28-2023"]
[Site "Chess.com"]
[Date "2023.11.28"]
[Round "5"]
[White "mishanick"]
[Black "shimastream"]
[Result "1-0"]
[WhiteElo "3067"]
[BlackElo "2946"]
[TimeControl "180+1"]
[EndTime "8:58:44 PST"]
[Termination "mishanick won on time"]

1. d4 d5 2. c4 e6 3. Nc3 Nf6 4. Bg5 Be7 5. e3 h6 6. Bh4 O-O 7. Qc2 dxc4 8. Bxc4 c5 9. dxc5 Bxc5 10. Nf3 Nbd7 11. O-O a6 12. Bd3 Be7 13. e4 Nh5 14.
Bxe7 Qxe7 15. Rfd1 Nf4 16. Bf1 b5 17. Qd2 Ng6 18.
a4 Nc5 19. Qe3 b4 20. Ne2 Bb7 21. Ng3 a5 22. Bb5 Rfd8 23. h3 Rac8 24. Rac1 Rxd1+ 25. Rxd1 Bc6 26. Rc1 Bb7 27. Nd4 Qg5 28. Qxg5 hxg5 29. f3 Nf4 30. Nge2 e5 31. Nxf4 exd4 32. Ne2 d3 33.
Nd4 Rd8 34. Rxc5 Rxd4 35. Rc1 d2 36. Rd1 Kf8 37. Kf2 Ke7 38. Ke3 Rd8 39. Bd3 Bc6 40. b3 Bd7 41. Bc4 Bc6 42. Rxd2 Rxd2 43. Kxd2 f6 44. Ke3 Kd6 45. g3 Bd7 46. h4 gxh4 47.
gxh4 Bc8 48. f4 Kc5 49. e5 fxe5 50. fxe5 Bf5 51. Kf4 Bc2 52. Kg5 Kc6 53. Kg4 Kc5 54. Kf4 Kc6 55. h5 Kc5 56. Kg5 Kc6 57. h6 gxh6+ 58. Kf6 Kd7 59. e6+ Kd6 60. e7 Bg6 61.
Kxg6 1-0

[Event "Early-Titled-Tuesday-Blitz-November-28-2023"]
[Site "Chess.com"]
[Date "2023.11.28"]
[Round "5"]
[White "viktorskliarov"]
[Black "DeArron_Fox"]
[Result "1/2-1/2"]
[WhiteElo "2623"]
[BlackElo "2481"]
[TimeControl "180+1"]
[EndTime "8:58:45 PST"]
[Termination "Game drawn by agreement"]

1. e4 c5 2. Nf3 e6 3. c3 d5 4. e5 d4 5. d3 Bd7 6. cxd4 cxd4 7. Nbd2 Bc6 8. Be2 Ne7 9. O-O Ng6 10. Nb3 Nd7 11.
Nfxd4 Ndxe5 12. f4 Nd7 13. Nxc6 bxc6 14. Bf3 Be7 15. Be3 Rc8 16. Rc1 c5 17. Qd2 O-O 18. Qf2 a5 19. Bb7 Rb8 20. Be4 a4 21. Nxc5 Nxc5 22. Bxc5 Bxc5 23. Rxc5 Qb6 24. Rc2 f5 25. Bc6 Rfc8 26. Qxb6 Rxb6 27. Bxa4 Rxc2 28. Bxc2 Rxb2 29. Bb3 Kf7 30. g3 Ne7 31. Rf2 Rb1+ 32. Kg2 Nc6 33. Rc2 Nd4 34. Rc3 Rb2+ 35. Kf1 Rxh2 36. a4 Rb2 37.
Bc4 Kf6 38. a5 Rb1+ 39. Kf2 Ra1 40. a6 e5 41. fxe5+ Kxe5 42. Bg8 h5 43. Rc5+ Kf6 44. Bc4 g5 45. Rd5 Nc2 46. Rd6+ Ke5 47. Re6+ Kd4 48. Rg6 Nb4 49. Rxg5 Nxa6 50. Bxa6 Rxa6 51. Rxf5 Kxd3 52.
Rxh5 Ke4 53. Rh4+ Kf5 54. Rf4+ Kg5 55. Rb4 Ra2+ 56. Kf3 Ra3+ 57. Kg2 1/2-1/2

[Event "Early-Titled-Tuesday-Blitz-November-28-2023"]
[Site "Chess.com"]
[Date "2023.11.28"]
[Round "5"]
[White "acertijo08"]
[Black "Cheer_Down"]
[Result "0-1"]
[WhiteElo "2292"]
[BlackElo "2491"]
[TimeControl "180+1"]
[EndTime "8:58:48 PST"]
[Termination "Cheer_Down won by resignation"]

1. e4 e6 2. d4 d5 3. Nc3 Nf6 4. e5 Nfd7 5. f4 c5 6. Nf3 Nc6 7. Be3 a6 8. Qd2 b5 9. a3 Qb6 10. Ne2 cxd4 11. Nexd4 Bc5 12. c3 f6 13. exf6 Nxf6 14.
Bd3 O-O 15. b4 Bxd4 16. Nxd4 Nxd4 17. Bxd4 Qc7 18. O-O Ne4 19. Qe3 Bb7 20. Rf3 Rac8 21. Bxe4 dxe4 22. Rg3 Rf7 23. Rf1 Rd8 24. f5 Rdf8 25.
f6 g6 26. Qg5 Rd8 27. h4 Rd5 28. Qg4 Rf5 29. Re1 Kh8 30. Rge3 e5 31. Bc5 R7xf6 32. Rxe4 Bxe4 33. Qxe4 Qf7 34. Qa8+ Kg7 35. Rd1 Rf1+ 36. Rxf1 Rxf1+ 37. Kh2 Qf4+ 38. g3 Qd2+ 39. Qg2 Qxg2+ 40.
Kxg2 Rc1 41. Bd6 Kf6 42. Kf3 Rxc3+ 43. Ke4 Rc4+ 44. Kd5 e4 45. Be5+ Kf7 46. Bd4 h5 47.
Kxe4 Ke6 48. Kd3 Kd5 49. Be3 Rc8 50. Bg5 Re8 51. Bf4 Re4 52. Bg5 Rd4+ 53. Kc3 Ke4 54. Bf4 Rd3+ 55. Kb2 Kd4 56. Bg5 Kc4 57. Bf4 Rf3 58.
Ka2 Rf2+ 59. Kb1 Kb3 60. Kc1 Kxa3 61. Bd6 Rg2 62. Kd1 Kb3 63. Kc1 Kc4 64. Kb1 Rd2 65. Bc5 Rd1+ 66. Kc2 Rd3 0-1

[Event "Early-Titled-Tuesday-Blitz-November-28-2023"]
[Site "Chess.com"]
[Date "2023.11.28"]
[Round "5"]
[White "Aradhya2000"]
[Black "JimDiGrease"]
[Result "1-0"]
[WhiteElo "2705"]
[BlackElo "2953"]
[TimeControl "180+1"]
[EndTime "8:58:49 PST"]
[Termination "Aradhya2000 won by resignation"]

1. d4 d5 2. c4 e6 3. Nc3 c6 4. e3 Nf6 5. Nf3 Nbd7 6. Qc2 Bd6 7.
b3 O-O 8. Be2 b6 9. O-O Bb7 10.
Bb2 Qe7 11. Rad1 Rfe8 12. Bd3 Rac8 13. e4 dxe4 14. Nxe4 Nxe4 15. Bxe4 Nf6 16. Bd3 c5 17. dxc5 Bxc5 18. Bxf6 gxf6 19. Bxh7+ Kg7 20. Be4 Ba6 21. Nd4 f5 22. Bxf5 Qf6 23. Nxe6+ fxe6 24. Rd7+ Re7 25.
Rxe7+ Bxe7 26. Be4 b5 27. Bd3 Bb7 28. Qe2 Rc5 29.
cxb5 Re5 30. Qd1 Bc5 31. Kh1 Bxf2 32. Be2 Rg5 33. Qd7+ Kh6 34. Qxb7 Rf5 35. Qe4 Rf4 36. Qd3 Rh4 37. g3 Rd4 38. Qf3 Qxf3+ 39. Bxf3 Rd2 40. a4 Rb2 41. Bg4 e5 42. Be6 e4 43. Bc4 e3 44.
Kg2 Kg5 45. Kf3 Kf5 46. h4 Rc2 47. Rd1 Rc3 48. Be2 Rxb3 49. a5 Rb4 50. Rd5+ Ke6 51. Rc5 Bg1 52. Rc4 Rb1 53. Re4+ Kd5 54. Re7 Kc5 55.
Rxa7 Bh2 56. b6 Rg1 57. Rg7 Rb1 58. b7 1-0

[Event "Early-Titled-Tuesday-Blitz-November-28-2023"]
[Site "Chess.com"]
[Date "2023.11.28"]
[Round "5"]
[White "Kaua18"]
[Black "Hovik_Hayrapetyan"]
[Result "0-1"]
[WhiteElo "2552"]
[BlackElo "2782"]
[TimeControl "180+1"]
[EndTime "8:58:49 PST"]
[Termination "Hovik_Hayrapetyan won by resignation"]

1. e4 c5 2. Nf3 d6 3. d4 cxd4 4.
Nxd4 Nf6 5. Nc3 a6 6. Be2 e5 7. Nf3 Be7 8. Bg5 Be6 9. Bxf6 Bxf6 10. Nd5 Nd7 11. Bc4 Rc8 12. Bb3 Nc5 13. Nxf6+ Qxf6 14. Bxe6 Qxe6 15. Qe2 O-O 16. O-O f5 17. Nd2 Na4 18. b3 Nc3 19. Qd3 d5 20. exd5 Nxd5 21. c4 Nf4 22. Qe3 Rcd8 23. Nf3 Qg6 24. g3 Rd3 25. Nxe5 Nh3+ 26. Kg2 Rxe3 27. Nxg6 hxg6 28. fxe3 Ng5 29. Rad1 Re8 30. Rd3 Kh7 31. Rfd1 Re5 32. h4 Ne6 33. Kf2 Nc5 34. Rd5 Ne4+ 35. Kf3 Re6 36.
R1d3 b5 37. cxb5 axb5 38. Rxb5 Rc6 39. Kf4 Rc2 40. Rb8 Rf2+ 41. Ke5 Nxg3 42. Rdd8 g5 43.
h5 Nxh5 44. Rh8+ Kg6 45. Rb6+ Nf6 46. a4 Re2 47. Kd4 g4 48. Kd3 Re1 49. Kd2 Ra1 50.
Ke2 Kg5 51. Kd3 g3 52. Rc6 g2 53. Rxf6 Kxf6 0-1